 Seeded DCSS version 0.30.0-10-gfe55d96785 (webtiles) character file.

Game seed: 18007716519941398942 (custom seed)

221458 RascalDebosk the Warrior (level 19, -11/174 HPs)
             Began as a Djinni Conjurer on May 13, 2023.
             Was a High Priest of Ashenzari.
             Mangled by a black mamba (15 damage)
             ... on level 4 of the Snake Pit on May 14, 2023.
             The game lasted 05:08:47 (34184 turns).

RascalDebosk the Warrior (Djinni Conjurer)         Turns: 34184, Time: 05:08:47

Health: -11/174    AC: 12    Str:  9    XL:     19   Next: 97%
Gold:   3018       EV: 32    Int: 38    God:    Ashenzari [*****.] SH: 12 Dex: 14

rFire   + + .        s - +2 hand axe "I Knew You'd Do That" {drain, +Blink rCorr, Self, Cun} (curse)
rCold   x . .        E - +0 kite shield
rNeg    + + +        q - +2 robe of Ashenzari's Omission {rN+, Melee, Self} (curse)
rPois   ∞            b - +2 hat of Ashenzari's Stars {Will+, Self, Fort} (curse)
rElec   +            u - +2 cloak "Ruined Autotheism" {Fort, Self} (curse)
rCorr   +            P - +1 pair of gloves of Supernal Wisdom {Self, Fort} (curse)
SInv    +            (boots unavailable)
Will    ++...        h - amulet of the Shackled Augur {Acrobat, Self, Melee} (curse)
Stlth   +++++        l - ring of the Soothsayer {Drain rElec rPois rN++ Int+6, Melee, Self} (curse)
HPRegen 0.49/turn    m - ring of Cremastomancy {Str+3 Int+6, Cun, Self} (curse)
MPRegen 0.00/turn

%: acrobat, clarity, infuse magic (-12 HP)
@: weakened, acrobatic, flying
A: sickness immunity, fire resistance 2, cold vulnerability 1, float, innate
caster, HP casting, extra vitality 1
}: 1/15 runes: barnacled
a: Renounce Religion, Evoke Blink, Curse Item, Shatter the Chains


You were on level 4 of the Snake Pit.
You worshipped Ashenzari.
Ashenzari was extremely pleased with you.
You visited 6 branches of the dungeon, and saw 26 of its levels.
You also visited: Volcano.

You collected 3850 gold pieces.
You spent 832 gold pieces at shops.

Inventory:

Hand Weapons
 s - the cursed +2 hand axe "I Knew You'd Do That" (weapon) {drain, +Blink rCorr, Self, Cun}
   (You found it on level 2 of the Dungeon)

   +Blink:    It lets you blink.
   rCorr:     It protects you from acid and corrosion.
   It has a curse which improves the following skills: Introspection: Fighting
   and Spellcasting.
   Cunning:   Dodging and Stealth.
Armour
 b - the cursed +2 hat of Ashenzari's Stars (worn) {Will+, Self, Fort}
   (You took it off Gastronok on level 8 of the Dungeon)

   It has a curse which improves the following skills: Introspection: Fighting
   and Spellcasting.
   Fortitude: Armour and Shields.
 q - the cursed +2 robe of Ashenzari's Omission (worn) {rN+, Melee, Self}
   (You took it off Erica on level 8 of the Dungeon)

   It has a curse which improves the following skills: Melee Combat: Short
   Blades, Long Blades, Axes, Maces & Flails, Polearms, Staves and Unarmed
   Combat.
   Introspection: Fighting and Spellcasting.
 u - the cursed +2 cloak "Ruined Autotheism" (worn) {Fort, Self}
   (You found it on level 2 of the Dungeon)

   It has a curse which improves the following skills: Fortitude: Armour and
   Shields.
   Introspection: Fighting and Spellcasting.
 E - a +0 kite shield (worn)
 G - a scarf of repulsion
 P - the cursed +1 pair of gloves of Supernal Wisdom (worn) {Self, Fort}
   (You found it on level 10 of the Dungeon)

   It has a curse which improves the following skills: Introspection: Fighting
   and Spellcasting.
   Fortitude: Armour and Shields.
Jewellery
 h - the cursed amulet of the Shackled Augur (around neck) {Acrobat, Self, Melee}
   (You found it on level 1 of the Dungeon)

   [amulet of the acrobat]

   It increases your evasion while moving and waiting.
   It has a curse which improves the following skills: Introspection: Fighting
   and Spellcasting.
   Melee Combat: Short Blades, Long Blades, Axes, Maces & Flails, Polearms,
   Staves and Unarmed Combat.
 l - the cursed ring of the Soothsayer (left hand) {Drain rElec rPois rN++ Int+6, Melee, Self}
   (You acquired it on level 1 of the Dungeon)

   [ring of intelligence]

   Int:       It affects your intelligence (+6).
   rElec:     It insulates you from electricity.
   rPois:     It protects you from poison.
   rN:        It greatly protects you from negative energy.
   Drain:     It drains your maximum health when unequipped.
   It has a curse which improves the following skills: Melee Combat: Short
   Blades, Long Blades, Axes, Maces & Flails, Polearms, Staves and Unarmed
   Combat.
   Introspection: Fighting and Spellcasting.
 m - the cursed ring of Cremastomancy (right hand) {Str+3 Int+6, Cun, Self}
   (You acquired it on level 1 of the Dungeon)

   [ring of intelligence]

   Str:       It affects your strength (+3).
   Int:       It affects your intelligence (+6).
   It has a curse which improves the following skills: Cunning: Dodging and
   Stealth.
   Introspection: Fighting and Spellcasting.
Wands
 k - a wand of light (21)
 x - a wand of mindburst (10)
 A - a wand of digging (7)
 D - a wand of polymorph (13)
 L - a wand of paralysis (19)
 N - a wand of flame (12)
 T - a wand of roots (5)
Scrolls
 c - 7 scrolls of magic mapping
 f - 3 scrolls of fog
 g - a scroll of blinking
 i - a scroll of enchant armour
 j - 4 scrolls of immolation
 n - 2 scrolls of butterflies
 o - a scroll of silence
 p - a scroll of brand weapon
 t - 10 scrolls of teleportation
 w - 3 scrolls of enchant weapon
 y - 8 scrolls of vulnerability
 C - 4 scrolls of torment
 K - a scroll of poison
 O - 4 scrolls of noise
 W - a scroll of fear
Potions
 a - 3 potions of mutation
 d - 4 potions of berserk rage
 e - 7 potions of might
 r - a potion of resistance
 v - 2 potions of heal wounds
 z - 4 potions of haste
 H - 7 potions of curing
 J - 4 potions of brilliance
 M - 8 potions of attraction
 Q - 2 potions of lignification
 R - 6 potions of ambrosia
 U - 4 potions of cancellation
Miscellaneous
 B - a box of beasts
 F - a phial of floods
 I - a piece from Xom's chessboard (15/15)
 V - a condenser vane
 Z - a phantom mirror


   Skills:
 - Level 19.6(27) Fighting
 + Level 3.6(7.2) Axes
 - Level 6.7(10.9) Armour
 - Level 10.8(14.0) Dodging
 + Level 10.6(13.7) Stealth
 + Level 8.6(12.8) Shields
 * Level 15.1(23.1) Spellcasting
 + Level 12.2 Evocations


You knew the following spells:

 Your Spells              Type           Power      Damage    Failure   Level
a - Magic Dart            Conj           100%       1d8       0%          1
b - Searing Ray           Conj           100%       2d8       0%          2
c - Dazzling Flash        Conj/Hex       100%       N/A       0%          3
d - Fulminant Prism       Conj/Hex       60%        3d26      0%          4
e - Iskenderun's Mystic   Conj/Tloc      100%       2d19      0%          4
f - Slow                  Hex            100%       N/A       0%          1
g - Scorch                Fire           100%       2d9       0%          2
h - Ignite Poison         Fire/Tmut/Pois 100%       N/A       0%          3
i - Olgreb's Toxic Radia  Pois           100%       N/A       0%          4
j - Lee's Rapid Deconstr  Erth           60%        3d28*     0%          5
k - Fireball              Conj/Fire      60%        3d23      0%          5
l - Iron Shot             Conj/Erth      60%        9d11      0%          6
m - Eringya's Noxious Bo  Tmut/Pois      60%        N/A       0%          6
n - Statue Form           Tmut/Erth      80%        N/A       0%          6
Your spell library was empty.

Dungeon Overview and Level Annotations

Branches:
Dungeon (10/15)            Temple (1/1) D:7            Lair (5/5) D:10
 Shoals (4/4) Lair:2        Snake (4/4) Lair:2        Slime (0/5) Lair:5
    Orc (2/2) D:9             Elf (0/3) Orc:2       Volcano (visited)

Altars:
Ashenzari
Cheibriados
Dithmenos
Elyvilon
Fedhas
Gozag
Hepliaklqana
Makhleb
Nemelex Xobeh
Okawaru
Qazlal
Ru
Trog
Uskayaw
Wu Jian
Xom
Yredelemnul
Zin
The Shining One
Lugonu

Shops:
D:2 :   D:7 (   Orc:2 (*[=   Snake:3 :

Portals:
Abyss: Shoals:2

Annotations:
Shoals:2 1 runed translucent door
Orc:1 3 runed translucent doors, blexxed's ghost, journeyman DsFi


Innate Abilities, Weirdness & Mutations

You are immune to sickness and miasma.
You are immune to poison.
Your flesh is very heat resistant. (rF++)
You are vulnerable to cold. (rC-)
You float through the air rather than walking.
You learn spells naturally, not from books.
Your magical power is your life essence.
You have superior vitality. (+4 MHP)


Message History

You kill the naga warrior!
The blast of rock fragments hits the naga mage.
The naga mage is severely wounded.
The blast of rock fragments hits the salamander tyrant!
You kill the salamander tyrant!
* * * LOW HITPOINT WARNING * * *
The guardian serpent hits you!!
* * * LOW HITPOINT WARNING * * *
A guardian serpent comes into view. x2
The guardian serpent hits you but does no damage.
The nagaraja gestures wildly while chanting.
The nagaraja seems to speed up.
Casting: Lee's Rapid Deconstruction (safe; 0% risk of failure)
Confirm with . or Enter, or press ? or * to list all spells.
You erupt in a blast of force!
The mystic blast hits the guardian serpent!!
You kill the guardian serpent!
* * * LOW HITPOINT WARNING * * *
You hear a shout!
Casting: Iskenderun's Mystic Blast (safe; 0% risk of failure)
Confirm with . or Enter, or press ? or * to list all spells.
Aiming: Lee's Rapid Deconstruction (safe; 0% risk of failure)
Press: ? - help, Dir - move target A rock wall.
The wall shatters!
The blast of rock fragments hits the naga mage!!!
You kill the naga mage!
The blast of rock fragments hits the guardian serpent!!
The guardian serpent is heavily wounded.
The blast of rock fragments hits the guardian serpent!!
The guardian serpent is severely wounded.
* * * LOW HITPOINT WARNING * * *
You hear a shout!
A nagaraja comes into view. It is wielding a +0 whip.
Casting: Lee's Rapid Deconstruction (safe; 0% risk of failure)
Confirm with . or Enter, or press ? or * to list all spells.
You erupt in a blast of force!
The mystic blast hits the guardian serpent!
The guardian serpent is almost dead.
The guardian serpent is knocked back by the mystic blast.
* * * LOW HITPOINT WARNING * * *
You hear an angry hiss.
Casting: Iskenderun's Mystic Blast (safe; 0% risk of failure)
Confirm with . or Enter, or press ? or * to list all spells.
You erupt in a blast of force!
The mystic blast hits the guardian serpent!!
You kill the guardian serpent!
The mystic blast hits the guardian serpent!
The guardian serpent is severely wounded.
The guardian serpent is knocked back by the mystic blast.
The guardian serpent collides with the nagaraja!
The guardian serpent is almost dead.
* * * LOW HITPOINT WARNING * * *
A salamander comes into view. It is wielding a +2 glaive of flaming.
A nagaraja comes into view. It is wielding a +0 spear.
An anaconda comes into view.
The nagaraja spits poison at you.
The splash of poison hits you but does no damage.
You resist.
A nagaraja comes into view. It is wielding a +0 spear of freezing.
The nagaraja casts a spell.
The nagaraja seems to speed up.
The guardian serpent coils itself and waves its upper body at you.
The nagaraja blinks!
The nagaraja blinks into view! x2
You hit the nagaraja.
The nagaraja is lightly wounded.
You hit the nagaraja. You drain the nagaraja.
You hit the nagaraja but do no damage. You barely miss the black mamba.
You hit the nagaraja but do no damage. You drain the nagaraja.
You hit the naga mage. You hit the naga sharpshooter.
You drain the naga sharpshooter. You hit the naga. You drain the naga.
You block the black mamba's attack. You block the nagaraja's attack.
The nagaraja grabs you. The nagaraja constricts you.
* * * LOW HITPOINT WARNING * * *
The black mamba closely misses you. The nagaraja spits poison at you.
The splash of poison hits you but does no damage.
You resist. The nagaraja hits you with a +0 spear!
* * * LOW HITPOINT WARNING * * *
The naga spits poison at you. You block the splash of poison.
The nagaraja hits you with a +0 flail!!
* * * LOW HITPOINT WARNING * * *
The naga sharpshooter spits poison at you.
The splash of poison hits you but does no damage.
You resist. The naga mage hits you with a +0 club.
* * * LOW HITPOINT WARNING * * *
Blink to where?
Press: ? - help, Dir - move target You escape the nagaraja's grasp.
As you read the scroll of blinking, it crumbles to dust.
As you read the scroll of fog, it crumbles to dust.
The scroll dissolves into smoke.
The nagaraja spits poison at you.
The splash of poison hits you but does no damage.
You resist.
The black mamba attacks as you move away!
You block the black mamba's attack. The black mamba completely misses you.
The black mamba misses you. The black mamba bites you!
You die...

.........###.######
.......#####.# ....#######..##
.)............#
##.###....###)#### ...?....##
#....# .....#### ####.# ######
##*##.## ** #.##§@)#### *
*###.§)§S§§§.######
*##.......§§§§§.§.....####
*#........§§§§§§§.§........###
,...........§§#§#§............##
...........###§§§###...........#
..........##...§{§§..##.)........
........##......§{§....##........
.......#........{........#.......


You could see a black mamba.

Vanquished Creatures
  Vashnia (Snake:2)
  Jorgrun (Orc:2)
  Rupert (Orc:2)
  Polyphemus (Shoals:4)
  Gastronok (D:8)
  The ghost of Tollund the Severer, an adept HOBe of Trog (Shoals:2)
  Ilsuiw (Shoals:4)
  Donald (Snake:3)
  A nagaraja (Snake:4)
  Aizul (Shoals:4)
  An orc warlord (Orc:2)
  Nessos (Orc:2)
  A fire dragon (Lair:5)
  6 merfolk impalers
  6 merfolk javelineers (Shoals:4)
  An ettin (Orc:2)
  Josephine (Snake:1)
  3 hydras
  6 salamander tyrants
  Harold (D:9)
  2 merfolk avatars (Shoals:3)
  A catoblepas (Shoals:4)
  A satyr (Shoals:4)
  4 death yaks (Shoals:4)
  A dancing weapon (Volcano)
  9 anacondas
  An alligator snapping turtle (Shoals:4)
  Erica (D:8)
  7 merfolk aquamancers
  9 naga warriors
  An orc high priest (Orc:2)
  6 shock serpents
  Urug (Orc:1)
  11 naga sharpshooters
  Nergalle (D:10)
  4 salamander mystics
  7 skysharks
  16 sea snakes
  8 naga ritualists
  5 wizards (Volcano)
  2 lindwurms
  An obsidian statue (Shoals:2)
  4 orc knights (Orc:2)
  10 mana vipers
  15 harpies
  A cyclops (Shoals:4)
  4 orc sorcerers (Orc:2)
  15 salamanders
  15 manticores
  14 fauns
  4 oklob plants (Lair:2)
  5 guardian serpents
  44 black mambas
  15 merfolk sirens
  5 toenail golems (Volcano)
  2 apocalypse crabs (Shoals:2)
  5 water nymphs
  26 elephants
  17 naga magi
  12 cane toads
  2 molten gargoyles (Lair:5)
  A kobold demonologist (D:6)
  4 rime drakes
  7 komodo dragons
  11 wind drakes
  3 trolls
  2 polar bears (Lair:3)
  38 merfolk
  Grinder (D:5)
  15 blink frogs
  10 snapping turtles
  2 dream sheep (Shoals:4)
  12 wyverns
  12 water elementals
  33 yaks
  Eustachio (D:6)
  4 wraiths (Snake:1)
  5 basilisks
  4 steam dragons
  20 nagas
  5 wargs
  An acid dragon (D:8)
  4 hell hounds (Lair:5)
  A floating eye (D:9)
  28 water moccasins
  2 ice beasts (D:7)
  21 orc warriors
  2 black bears
  8 ogres
  11 wolves
  7 centaurs
  3 phantoms (D:5)
  2 kobold brigands (D:7)
  Blork the orc (D:4)
  3 gnoll sergeants
  6 bullfrogs
  2 scorpions
  9 wights
  7 killer bees (D:9)
  2 electric eels (Lair:4)
  A crimson imp (D:9)
  5 lava snakes (Lair:5)
  2 jellies
  4 gnoll boudas
  9 orc priests
  3 hounds
  A sleepcap (D:4)
  Crazy Yiuf (D:7)
  3 iguanas
  Ijyb (D:5)
  13 orc wizards
  6 hell rats (Lair:5)
  36 gnolls
  6 adders
  6 shadow imps
  2 white imps
  3 worms (D:2)
  4 dart slugs
  35 orcs
  3 bats
  10 endoplasms
  4 giant cockroaches
  11 goblins
  2 hobgoblins (D:1)
  6 jackals
  4 quokkas
  7 ball pythons
  4 frilled lizards
  20 kobolds
  6 rats
  A butterfly (D:3)
880 creatures vanquished.

Vanquished Creatures (others)
  A merfolk aquamancer (Shoals:4)
  58 fulminant prisms
59 creatures vanquished.

Grand Total: 939 creatures vanquished

Notes
Turn   | Place    | Note
-------+----------+-------------------------------------------
     0 | D:1      | RascalDebosk the Djinni Conjurer began the quest for the
                  | Orb.
     0 | D:1      | RascalDebosk set off with the following spells memorised:
                  | Magic Dart, Searing Ray, Dazzling Flash, Fulminant Prism,
                  | Iskenderun's Mystic Blast.
     0 | D:1      | Reached XP level 1. HP: 15/15 MP: 0/0
   113 | D:1      | Reached XP level 2. HP: 19/21 MP: 0/0
   132 | D:1      | Found a faded altar of an unknown god.
   132 | D:1      | Noticed a neqoxec
   534 | D:1      | Reached XP level 3. HP: 24/25 MP: 0/0
   534 | D:1      | Learned a level 1 spell: Slow
   556 | D:1      | Identified 3 scrolls of acquirement
   556 | D:1      | Acquired the ring of Hepliaklqana, Gazing {Drain rElec
                  | rPois rN++ Int+6}
   559 | D:1      | Acquired the ring of Molimp {Str+3 Int+6}
   562 | D:1      | Acquired 1129 gold pieces
  1130 | D:2      | Found Lemucar's Book Boutique.
  1134 | D:2      | Identified the +2 hand axe "Plog" {drain, +Blink rCorr}
  1161 | D:2      | Reached skill level 1 in Fighting
  1161 | D:2      | Reached XP level 4. HP: 29/32 MP: 0/0
  1894 | D:3      | Found a glowing silver altar of Zin.
  2138 | D:3      | Found a glowing golden altar of the Shining One.
  2148 | D:3      | Found a stormy altar of Qazlal.
  2228 | D:3      | Found a shimmering altar of Xom.
  2663 | D:3      | Reached skill level 1 in Evocations
  2723 | D:4      | Noticed Blork the orc
  2850 | D:4      | Killed Blork the orc
  2851 | D:4      | Reached skill level 2 in Fighting
  2851 | D:4      | Reached skill level 1 in Armour
  2851 | D:4      | Reached XP level 5. HP: 15/38 MP: 0/0
  2851 | D:4      | Learned a level 2 spell: Scorch
  2995 | D:4      | Reached XP level 6. HP: 27/45 MP: 0/0
  3252 | D:4      | Found an ornate altar of the Wu Jian Council.
  3551 | D:4      | Found a sparkling altar of Nemelex Xobeh.
  3670 | D:5      | Entered Level 5 of the Dungeon
  3680 | D:5      | Reached skill level 3 in Fighting
  3680 | D:5      | Reached XP level 7. HP: 30/50 MP: 0/0
  3680 | D:5      | Learned a level 3 spell: Ignite Poison
  3757 | D:5      | Noticed Ijyb
  3832 | D:5      | Noticed Grinder
  3835 | D:5      | Paralysed by Grinder for 4 turns
  3841 | D:5      | Reached skill level 5 in Spellcasting
  3841 | D:5      | Killed Ijyb
  3968 | D:5      | Paralysed by Grinder for 5 turns
  4154 | D:5      | Killed Grinder
  4155 | D:5      | Reached skill level 4 in Fighting
  4155 | D:5      | Reached XP level 8. HP: 23/58 MP: 0/0
  4582 | D:5      | Reached skill level 5 in Fighting
  4940 | D:5      | Found a sacrificial altar of Ru.
  5010 | D:5      | Reached XP level 9. HP: 34/66 MP: 0/0
  5010 | D:5      | Learned a level 4 spell: Olgreb's Toxic Radiance
  5642 | D:6      | Found a basalt altar of Yredelemnul.
  5662 | D:6      | Reached skill level 6 in Fighting
  5926 | D:6      | Noticed a kobold demonologist
  5929 | D:6      | Killed a kobold demonologist
  6031 | D:6      | Found Bevuivysk's Magic Scroll Shop.
  6039 | D:6      | Bought a scroll of identify for 30 gold pieces
  6039 | D:6      | Bought a scroll of magic mapping for 112 gold pieces
  6039 | D:6      | Bought a scroll of magic mapping for 112 gold pieces
  6039 | D:6      | Bought a scroll of enchant armour for 112 gold pieces
  6039 | D:6      | Bought a scroll of identify for 30 gold pieces
  6039 | D:6      | Bought a scroll of identify for 30 gold pieces
  6039 | D:6      | Bought a scroll of enchant weapon for 112 gold pieces
  6039 | D:6      | Bought a scroll of vulnerability for 60 gold pieces
  6193 | D:6      | Noticed Eustachio
  6203 | D:6      | Killed Eustachio
  6559 | D:6      | Reached skill level 7 in Fighting
  7295 | D:7      | Reached XP level 10. HP: 58/75 MP: 0/0
  7483 | D:7      | Found a staircase to the Ecumenical Temple.
  7492 | Temple   | Entered the Ecumenical Temple
  7546 | Temple   | Became a worshipper of Ashenzari the Shackled
  7659 | D:7      | Found Voneir's Antique Weapon Shop.
  7674 | D:7      | Reached skill level 5 in Evocations
  7676 | D:7      | Found a bloodstained altar of Trog.
  7769 | D:7      | Reached skill level 5 in Armour
  8239 | D:7      | Found a runed translucent door.
  8240 | D:7      | Noticed Crazy Yiuf
  8246 | D:7      | Killed Crazy Yiuf
  8493 | D:8      | Noticed Gastronok
  8497 | D:8      | Reached skill level 8 in Fighting
  8502 | D:8      | Killed Gastronok
  8650 | D:8      | Noticed Erica
  8654 | D:8      | Killed Erica
  8782 | D:8      | Found an iron altar of Okawaru.
  9165 | D:9      | Reached XP level 11. HP: 73/84 MP: 0/0
  9165 | D:9      | Learned a level 5 spell: Lee's Rapid Deconstruction
  9500 | D:9      | Found a burning altar of Makhleb.
  9547 | D:9      | Reached skill level 9 in Fighting
 10008 | D:9      | Noticed Harold
 10013 | D:9      | Killed Harold
 10108 | D:9      | Found a staircase to the Orcish Mines.
 10602 | D:10     | Entered Level 10 of the Dungeon
 10610 | D:10     | Noticed Nergalle
 10616 | D:10     | Killed Nergalle
 10617 | D:10     | Reached skill level 10 in Fighting
 10831 | D:10     | Found a snail-covered altar of Cheibriados.
 11187 | D:10     | Found a staircase to the Lair.
 11313 | Lair:1   | Entered Level 1 of the Lair of Beasts
 11411 | Lair:1   | Reached * piety under Ashenzari
 11609 | Lair:1   | Reached XP level 12. HP: 72/94 MP: 0/0
 12671 | Lair:2   | Reached skill level 11 in Fighting
 13172 | Lair:2   | Found a staircase to the Snake Pit.
 13266 | Lair:2   | Reached skill level 5 in Dodging
 13310 | Lair:2   | Reached skill level 10 in Spellcasting
 13310 | Lair:2   | Reached XP level 13. HP: 40/102 MP: 0/0
 13310 | Lair:2   | Learned a level 5 spell: Fireball
 13315 | Lair:2   | Acquired a manual of Fighting
 13754 | Lair:2   | Found a staircase to the Shoals.
 13905 | Lair:2   | Reached ** piety under Ashenzari
 14072 | Lair:2   | Identified the ring of Eckitaof {rCorr MP+9 Slay+3 SInv}
 14366 | Lair:3   | Reached skill level 12 in Fighting
 14648 | Lair:3   | Identified the +2 scale mail of Compression {Harm Rampage
                  | *Slow Str+5}
 15483 | Lair:4   | Identified the +6 falchion "Atimn" {venom, rElec}
 15511 | Lair:4   | Reached skill level 13 in Fighting
 15951 | Lair:4   | Noticed a five-headed hydra
 15956 | Lair:4   | Killed a five-headed hydra
 16027 | Lair:4   | Reached skill level 5 in Stealth
 16419 | Lair:5   | Entered Level 5 of the Lair of Beasts
 16425 | Lair:5   | Reached skill level 14 in Fighting
 16425 | Lair:5   | Reached XP level 14. HP: 84/116 MP: 0/0
 16730 | Lair:5   | Reached *** piety under Ashenzari
 17453 | Lair:5   | Found a large runed translucent door.
 17453 | Lair:5   | Found a large runed translucent door.
 17597 | Lair:5   | Reached skill level 15 in Fighting
 17970 | Lair:5   | Identified the +1 ring mail "Seomenn" {Slay+3 Stlth+}
 18355 | Lair:5   | Found a staircase to the Slime Pits.
 19389 | Orc:1    | Entered Level 1 of the Orcish Mines
 19617 | Orc:1    | Noticed Urug
 19621 | Orc:1    | Killed Urug
 19627 | Orc:1    | Found a runed translucent gate.
 19627 | Orc:1    | Found a runed translucent gate.
 19628 | Orc:1    | Reached **** piety under Ashenzari
 19681 | Orc:1    | Found a runed translucent gate.
 19742 | Orc:1    | Noticed blexxed's ghost (journeyman DsFi)
 19872 | Orc:2    | Entered Level 2 of the Orcish Mines
 19885 | Orc:2    | Noticed Nessos
 19886 | Orc:2    | Reached skill level 10 in Evocations
 19887 | Orc:2    | Reached XP level 15. HP: 103/133 MP: 0/0
 19887 | Orc:2    | Learned a level 6 spell: Iron Shot
 19891 | Orc:2    | Killed Nessos
 19894 | Orc:2    | Reached skill level 16 in Fighting
 20287 | Orc:2    | Noticed an orc warlord
 20293 | Orc:2    | Killed an orc warlord
 20340 | Orc:2    | Found Saczu's Jewellery Boutique.
 20489 | Orc:2    | Found a dark tunnel.
 20499 | Volcano  | Entered a volcano
 21031 | Orc:2    | Found Vaakiku's Antique Weapon Boutique.
 21045 | Orc:2    | Found Jaon's Antique Armour Boutique.
 21077 | Orc:2    | Found Fampa's General Store.
 21085 | Orc:2    | Bought a scroll of fear for 48 gold pieces
 21085 | Orc:2    | Bought a potion of cancellation for 96 gold pieces
 21085 | Orc:2    | Bought a +0 buckler for 54 gold pieces
 21085 | Orc:2    | Bought a scroll of teleportation for 36 gold pieces
 21113 | Orc:2    | Found a staircase to the Elven Halls.
 21489 | Orc:2    | Noticed Jorgrun
 21497 | Orc:2    | Killed Jorgrun
 21498 | Orc:2    | Reached skill level 1 in Shields
 21753 | Orc:2    | Noticed Rupert
 21758 | Orc:2    | Killed Rupert
 21759 | Orc:2    | Reached skill level 17 in Fighting
 22220 | Shoals:1 | Entered Level 1 of the Shoals
 23435 | Shoals:2 | Reached XP level 16. HP: 121/145 MP: 0/0
 23670 | Shoals:2 | Found a runed translucent gate.
 23670 | Shoals:2 | Found a runed translucent gate.
 23670 | Shoals:2 | Found a runed translucent gate.
 23698 | Shoals:2 | Found an opulent altar of Gozag.
 23700 | Shoals:2 | Noticed Tollund's ghost (adept HOBe)
 23886 | Shoals:2 | Found a runed translucent door.
 23915 | Shoals:2 | Reached ***** piety under Ashenzari
 24337 | Shoals:2 | Killed Tollund's ghost
 24528 | Shoals:2 | Reached skill level 18 in Fighting
 24528 | Shoals:2 | Reached skill level 10 in Dodging
 24528 | Shoals:2 | Reached XP level 17. HP: 156/156 MP: 0/0
 24528 | Shoals:2 | Learned a level 6 spell: Eringya's Noxious Bog
 24579 | Shoals:2 | Found a corrupted altar of Lugonu.
 24579 | Shoals:2 | Found a one-way gate to the infinite horrors of the Abyss.
 24579 | Shoals:2 | Found the macabre finger necklace {Finger+ rN+}
 26161 | Shoals:4 | Entered Level 4 of the Shoals
 26164 | Shoals:4 | Reached skill level 5 in Shields
 26164 | Shoals:4 | Noticed Aizul
 26174 | Shoals:4 | Killed Aizul
 27033 | Shoals:4 | Reached XP level 18. HP: 113/165 MP: 0/0
 27338 | Shoals:4 | Got a barnacled rune of Zot
 27573 | Shoals:4 | Reached skill level 19 in Fighting
 27576 | Shoals:4 | Noticed Ilsuiw
 27586 | Shoals:4 | Killed Ilsuiw
 27778 | Shoals:4 | Noticed Polyphemus
 27792 | Shoals:4 | Killed Polyphemus
 28297 | Shoals:4 | Identified the Secrets of the Door and Reformation
 28870 | Snake:1  | Entered Level 1 of the Snake Pit
 28887 | Snake:1  | Noticed Josephine
 28890 | Snake:1  | Killed Josephine
 29211 | Snake:1  | Identified Performing Successful Spellweaving
 30511 | Snake:2  | Reached XP level 19. HP: 164/173 MP: 0/0
 30511 | Snake:2  | Learned a level 6 spell: Statue Form
 30576 | Snake:2  | Identified the cursed +2 robe of Ashenzari's Omission {rN+,
                  | Melee, Self} (You took it off Erica on level 8 of the
                  | Dungeon)
 30606 | Snake:2  | Noticed Vashnia
 30622 | Snake:2  | Reached skill level 1 in Axes
 31043 | Snake:2  | Killed Vashnia
 31196 | Snake:2  | Reached skill level 10 in Stealth
 31954 | Snake:3  | Found Xepeq's Book Shop.
 31954 | Snake:3  | Noticed Donald
 31959 | Snake:3  | Killed Donald
 33440 | Snake:4  | Entered Level 4 of the Snake Pit
 33812 | Snake:4  | Reached skill level 15 in Spellcasting
 34132 | Snake:4  | Identified the cursed +1 pair of gloves of Supernal Wisdom
                  | {Self, Fort} (You found it on level 10 of the Dungeon)
 34177 | Snake:4  | HP: 5/174 [nagaraja/+0 flail (20)]
 34177 | Snake:4  | HP: 1/174 [naga mage/+0 club (4)]
 34184 | Snake:4  | Mangled by a black mamba

Illustrated notes

Levels and vault maps discovered:
D:1:      psy_arrival_dodecagon, layout_basic,
          dreamdust_ecumenical_altar_sealed_demon
D:2:      layout_loops_cross, serial_shops, shop, minmay_misc_feat_cross,
          glass_columns_c, minmay_ruptured
D:3:      layout_basic, xom_butterflies, nicolae_qazlal_scattered_showers,
          nicolae_overflow_crystal_walls, tso_oasis_becter
D:4:      layout_cave_pools, kennysheep_mini, nicolae_wu_jian_wuxing_cycle,
          serial_column_ruins, column_ruins_circle_small, column_ruins_grid_3,
          column_ruins_open_large, column_ruins_grid_1, column_ruins_grid_1,
          column_ruins_open_tiny, chequers_hall_statues_wall_a,
          chequers_serial_rivers_micro_c, uniq_blork_the_orc
D:5:      minmay_evil_eye, layout_rooms, nicolae_ru_the_path_less_chosen,
          uniq_ijyb, uniq_grinder
D:6:      layout_basic, mainiacjoe_overflow_paths, serial_shops,
          nicolae_shop_tiny_statue_garden, uniq_eustachio
D:7:      layout_basic, trog_three_pillars_becter,
          minmay_temple_entry_antechambers, serial_shops, shop,
          patterned_corridor, uniq_crazy_yiuf_cottage
D:8:      layout_basic, mainiacjoe_overflow_brackets, minmay_misc_feat_rows,
          uniq_erica, uniq_gastronok
D:9:      layout_stronghold, grunt_temple_overflow_lords_of_destruction,
          orc_0_dummy, onia_ninara_cookie, uniq_harold
D:10:     layout_loops_ring, kiku_gazebo_garden_becter, cheibriados_altar_1,
          erik_lair_dragon, reono_crystal_passage, uniq_nergalle
Temple:   hellmonk_temple_forest_ring
Lair:1:   layout_cave_pods, hangedman_lair_unloving_vines, serial_bayou_pond_a,
          st_stairs_4, lemuel_fruit_tree
Lair:2:   minmay_lair_oklob_tunnel, layout_loops_ring,
          elwin_shoals_entry_stream, minmay_snake_entry_six_corridors
Lair:3:   layout_chaotic_city, serial_bayou_pond_d, cheibrodos_lair_reptile_den
Lair:4:   layout_big_grid, chequers_serial_rivers_micro_d,
          chequers_serial_rivers_small_b, serial_bayou_shore_a,
          infiniplex_staircase_pool_2
Lair:5:   cheibrodos_lair_end_hotspot, layout_regular_city, slime_entry_1,
          minmay_stone_trees_small
Shoals:1: layout_shoals
Shoals:2: layout_shoals, ebering_ghost_gozag, nicolae_shoals_abyss_on_the_beach
Shoals:3: layout_shoals
Shoals:4: shoals_end_simple, layout_shoals, shoals_ilsuiw_ice,
          nicolae_shoals_mertower, uniq_polyphemus, uniq_aizul
Snake:1:  layout_misc_corridors, uniq_josephine
Snake:2:  layout_misc_corridors, uniq_vashnia
Snake:3:  layout_chambers, serial_shops, nicolae_book_shop_shelving,
          nicolae_triple_integral, grunt_megastairs_3, uniq_donald
Snake:4:  snake_hunt, layout_misc_corridors, serial_shops, shop,
          serial_bayou_shore_b, grunt_megastairs_2
Orc:1:    layout_caves, gammafunk_ghost_necromancy, statue_in_the_mist_lemuel,
          uniq_urug
Orc:2:    grunt_orc_cross, layout_caves, nicolae_volcano_entry_vermiform,
          uniq_jorgrun, uniq_rupert, uniq_nessos

Skill      XL: |  1  2  3  4  5  6  7  8  9 10 11 12 13 14 15 16 17 18 19 |
---------------+----------------------------------------------------------+-----
Spellcasting   | 4 5 6 7 8 9 10 11 12 13 14 15 | 15.1
Fighting       | 1 2 3 4 5 7 8 10 11 14 15 17 18 19 | 19.6
Evocations     | 1 2 3 4 6 7 8 9 10 11 12 | 12.2
Armour         | 1 2 3 4 5 6 |  6.7
Dodging        | 3 5 6 8 9 10 | 10.8
Stealth        | 3 5 6 7 8 9 10 | 10.6
Shields        | 2 4 5 7 8 |  8.6
Axes           | 3 |  3.6

Action                     |  1- 3 |  4- 6 |  7- 9 | 10-12 | 13-15 | 16-18 | 19-21 || total
---------------------------+-------+-------+-------+-------+-------+-------+-------++-------
  Melee: Hand axe          |       |     3 |       |     1 |    38 |    70 |     1 ||   113
   Cast: Magic Dart        |    52 |    89 |    63 |     4 |     6 |    28 |     8 ||   250
         Searing Ray       |     4 |     7 |    23 |    12 |     3 |       |       ||    49
         Fulminant Prism   |       |     2 |    14 |    19 |    14 |     8 |     1 ||    58
         Scorch            |       |     4 |     4 |       |       |       |       ||     8
         Iskenderun's Myst |       |     2 |    30 |    30 |    44 |    92 |    39 ||   237
         Slow              |       |       |     1 |       |       |       |       ||     1
         Olgreb's Toxic Ra |       |       |    19 |    45 |   100 |    24 |     3 ||   191
         Ignite Poison     |       |       |    13 |    49 |   132 |    30 |       ||   224
         Dazzling Flash    |       |       |       |     1 |       |       |       ||     1
         Lee's Rapid Decon |       |       |       |    39 |    59 |    56 |    50 ||   204
         Fireball          |       |       |       |       |    56 |   121 |    18 ||   195
         Iron Shot         |       |       |       |       |    10 |    44 |    70 ||   124
         Eringya's Noxious |       |       |       |       |       |     9 |     3 ||    12
         Statue Form       |       |       |       |       |       |       |     2 ||     2
 Invoke: Curse Item        |       |       |       |     2 |     4 |     1 |     1 ||     8
Ability: Evoke Blink       |       |       |       |       |       |       |     1 ||     1
    Use: Scroll            |     3 |       |       |     4 |     2 |     3 |     5 ||    17
         Potion            |       |       |       |       |       |     9 |       ||     9
   Stab: Sleeping          |       |       |       |       |     1 |       |       ||     1
 Armour: Robe              |     1 |     4 |     8 |     1 |    10 |    16 |    16 ||    56
         Skin              |       |       |       |       |       |       |     2 ||     2
  Dodge: Dodged            |     4 |    17 |    30 |    25 |    71 |    60 |    29 ||   236
  Block: Buckler           |       |       |       |       |     5 |    17 |     2 ||    24
         Kite shield       |       |       |       |       |       |       |    14 ||    14
